 Dungeon Sprint DCSS version 0.28.0-53-g5a82cb258f (webtiles) character file.

Game seed: 10223228808078382052

1277 Doot the Impaler (level 11, -8/114 HPs)
             Began as a Hill Orc Berserker on July 2, 2022.
             Was the Champion of Trog.
             Mangled by Arachne
             ... wielding a staff of poison
              (27 damage)
             ... in the Dungeon (Sprint VI: "Thunderdome").
             The game lasted 00:11:22 (1502 turns).

Doot the Impaler (Hill Orc Berserker)               Turns: 1502, Time: 00:11:23

Health: -8/114     AC: 14    Str: 27    XL:     11   Next: 40%
Magic:  11/11      EV: 15    Int: 18    God:    Trog [******]
Gold:   87         SH:  8    Dex: 16    Spells: 10/10 levels left

rFire   + + .      SeeInvis +   y - +8 mithril axe "Arga" {speed, Will+}
rCold   + + +      Faith    .   A - +1 kite shield of the Jolly Wishes {+Inv}
rNeg    . . .      Spirit   .   r - +0 steam dragon scales
rPois   +          Reflect  .   (no helmet)
rElec   +          Harm     .   (no cloak)
rCorr   .          Rampage  .   u - +2 pair of gloves of Elyvilon's Delight {rPois rC+ Str+2 Int+5}
Will    .....      NoTele   +   (no boots)
Stlth   +++.......              p - amulet "Ceol Zua" {Acrobat *Slow +Blink Regen+ Dex+6}
HPRegen 1.09/turn               n - ring of Caepink {Drain rElec rPois Int+6 SInv}
MPRegen 0.12/turn               o - ring of the Prince of Darkness {rF++ rC+++ Will- AC+4 Slay+3}

@: lethally poisoned (-8 -> -16)
A: no striking features
}: 1/15 runes: serpentine
a: Renounce Religion, Evoke Blink, Evoke Invisibility, Berserk, Trog's Hand,
Brothers in Arms


You were in the Dungeon.
You worshipped Trog.
Trog was exalted by your worship.
You visited 1 branch You collected 1550 gold pieces.
You spent 1463 gold pieces at shops.

Inventory:

Hand Weapons
 a - a +0 spear
 m - a +1 scythe of venom
 t - the +5 scythe "Finisher" {speed, eviscerate}
   (Trog gifted it to you in the Dungeon)

   Attacks with this weapon are significantly faster.
   It may eviscerate those it strikes, slaying them instantly, with a decreasing
   chance against stronger foes.
 y - the +8 mithril axe "Arga" (weapon) {speed, Will+}
   (Trog gifted it to you in the Dungeon)

   Attacks with this weapon are significantly faster.
   Will:      It increases your willpower.
Armour
 b - a +0 animal skin
 q - a +0 leather armour
 r - +0 steam dragon scales (worn)
 u - the +2 pair of gloves of Elyvilon's Delight (worn) {rPois rC+ Str+2 Int+5}
   (You bought it in a shop in the Dungeon)

   Str:       It affects your strength (+2).
   Int:       It affects your intelligence (+5).
   rC:        It protects you from cold.
   rPois:     It protects you from poison.
 x - the +0 helmet of Fum Oveh {rPois Int+2 Slay-3}
   (You bought it in a shop in the Dungeon)

   Int:       It affects your intelligence (+2).
   Slay:      It affects your accuracy & damage with ranged weapons and melee
   (-3).
   rPois:     It protects you from poison.
 z - the -9 tower shield "Cuimaduq" {MP+9 Dex+2}
   (You bought it in a shop in the Dungeon)

   Dex:       It affects your dexterity (+2).
   MP:        It affects your magic capacity (+9).
 A - the +1 kite shield of the Jolly Wishes (worn) {+Inv}
   (You bought it in a shop in the Dungeon)

   +Inv:      It lets you turn invisible.
Jewellery
 n - the ring of Caepink (left hand) {Drain rElec rPois Int+6 SInv}
   (You bought it in a shop in the Dungeon)

   [ring of see invisible]

   Int:       It affects your intelligence (+6).
   rElec:     It insulates you from electricity.
   rPois:     It protects you from poison.
   SInv:      It lets you see invisible.
   Drain:     It drains your maximum health when unequipped.
 o - the ring of the Prince of Darkness (right hand) {rF++ rC+++ Will- AC+4 Slay+3}
   (You bought it in a shop in the Dungeon)

   [ring of protection]

   AC:        It affects your AC (+4).
   Slay:      It affects your accuracy & damage with ranged weapons and melee
   (+3).
   rF:        It greatly protects you from fire.
   rC:        It renders you almost immune to cold.
   Will:      It decreases your willpower.
 p - the amulet "Ceol Zua" (around neck) {Acrobat *Slow +Blink Regen+ Dex+6}
   (You bought it in a shop in the Dungeon)

   [amulet of the acrobat]

   It increases your evasion while moving and waiting.
   Dex:       It affects your dexterity (+6).
   +Blink:    It lets you blink.
   Regen:     It increases your rate of health regeneration.
   *Slow:     It may slow you when you take damage.
 v - a +4 ring of evasion
Wands
 i - a wand of acid (5)
 j - a wand of iceblast (7)
Scrolls
 h - 4 scrolls of blinking
 k - 3 scrolls of fog
Potions
 c - a potion of curing
 d - 4 potions of heal wounds
 e - 4 potions of haste
 f - 2 potions of magic
 g - a potion of berserk rage
 l - a potion of resistance
 s - a potion of attraction {unknown}
 w - a potion of experience


   Skills:
 + Level 16.0 Fighting
 * Level 10.5(18.6) Axes
 + Level 20.5(21.1) Polearms
 + Level 7.3 Armour
 + Level 8.8 Dodging
 + Level 4.0 Stealth
 + Level 0.4 Shields
 + Level 1.2 Evocations


You had 10 spell levels left.
You didn't know any spells.
Your spell library was empty.

Dungeon Overview and Level Annotations

Branches:
Dungeon (1/1)

Altars:
Cheibriados
Dithmenos
Fedhas
Gozag
Kikubaaqudgha
Makhleb
Okawaru
Qazlal
Ru
Sif Muna
Trog
Uskayaw
Vehumet
Wu Jian
Xom
Yredelemnul
Zin
The Shining One
Beogh
Lugonu

Shops:
D *[??*?*:[((!!!!

Annotations:
D Arachne


Message History

Arachne's staff shoots out a stream of webbing.
The stream of webbing hits you but does no damage.
You are caught in a web!
Unknown command.
You struggle to detach yourself from the web.
Arachne hits you with a staff of poison.
Arachne envenoms you. Arachne casts a spell at you. The poison arrow hits you!
You are poisoned.
You partially resist.
The web tears apart.
You feel very sick.
Arachne hits you with a staff of poison!
Arachne envenoms you.
You are more poisoned.
You hit Arachne.
Arachne is moderately wounded.
You feel sick.
Arachne stares at you and mumbles some strange words.
The poison arrow hits you!!
You are more poisoned.
You partially resist.
You slash Arachne!
Arachne is moderately wounded.
You miss the culicivora.
You feel very sick. The culicivora bites you!
* * * LOW HITPOINT WARNING * * *
The culicivora draws strength from your injuries!
Arachne hits you with a staff of poison.
* * * LOW HITPOINT WARNING * * *
Arachne envenoms you.
* * * LOW HITPOINT WARNING * * *
Unknown command.
Your stone giant goes berserk!
You feel very sick. The culicivora misses you.
Arachne hits you with a staff of poison!!
You die...

######.8......))[8.######
##.___......###.......__∩#
###∩........8.# #.8).......∩
##....(........###...........
#⌠..........###...###...[....
#⌠..........# #.<.# #......[.
#⌠......[...###...###........
##..........H..###...........
###∩.....[s@8C# #[8).......∩
##∩___(.....###(.....___∩#
######[8.(.(.....8.######
#⌠..)...[....⌠#
###.......).### #(.(......#
#_.(..(...# #_......._#
#∩.......∩#


You could see Arachne (ally target), a culicivora and a friendly stone giant
(summoned, berserk).

Vanquished Creatures
  An anaconda (D)
  An orc high priest (D)
  Sonja (D)
  3 orc knights (D)
  A black mamba (D)
  A naga mage (D)
  3 rime drakes (D)
  3 kobold demonologists (D)
  6 tyrant leeches (D)
  A tarantella (D)
  Sigmund (D)
  A water elemental (D)
  2 steam dragons (D)
  4 ice beasts (D)
  An orc warrior (D)
  3 sky beasts (D)
  An ogre (D)
  8 centaurs (D)
  3 jellies (D)
  Jessica (D)
  An orc wizard (D)
  A lightning spire (D)
  2 ogre simulacra (D)
  A worm (D)
  An orc (D)
  2 endoplasms (D)
  A hobgoblin (D)
  2 kobolds (D)
57 creatures vanquished.

Notes
Turn   | Place    | Note
-------+----------+-------------------------------------------
     0 | D        | Doot the Hill Orc Berserker began the quest for the Orb.
     0 | D        | Reached XP level 1. HP: 19/19 MP: 1/1
     1 | D        | Found an opulent altar of Gozag.
     1 | D        | Found a glowing silver altar of Zin.
     2 | D        | Found a corrupted altar of Lugonu.
     2 | D        | Found a radiant altar of Vehumet.
     3 | D        | Found a bloodstained altar of Trog.
     3 | D        | Found a snail-covered altar of Cheibriados.
     4 | D        | Found a shimmering altar of Xom.
     4 | D        | Found a hide-covered altar of Uskayaw.
     4 | D        | Found a roughly hewn altar of Beogh.
     4 | D        | Found Hofag's Identification Station.
     5 | D        | Found Qacal's Jewellery.
     5 | D        | Found Xuylumoka's Advanced Armour.
     5 | D        | Round 1.
     7 | D        | Noticed Jessica
    10 | D        | Found a shadowy altar of Dithmenos.
    12 | D        | Killed Jessica
    13 | D        | Reached skill level 5 in Fighting
    13 | D        | Reached skill level 5 in Polearms
    13 | D        | Reached XP level 2. HP: 30/30 MP: 2/2
    13 | D        | Reached XP level 3. HP: 37/37 MP: 3/3
    13 | D        | Found a blossoming altar of Fedhas.
    14 | D        | Found Tipsa's Premium Goods.
    15 | D        | Found an ancient bone altar of Kikubaaqudgha.
    15 | D        | Found Ydut's Weapon Rack.
    15 | D        | Found Gaujofeu's Miscellaneous Merchandise.
    15 | D        | Found Vifruu's Basic Armour.
    22 | D        | Reached ** piety under Trog
    26 | D        | Found a sacrificial altar of Ru.
    27 | D        | Found an ornate altar of the Wu Jian Council.
    28 | D        | Found an iron altar of Okawaru.
    29 | D        | Found Amafop's Do-It-Yourself Clinic.
    30 | D        | Found Dofuedeph's Bottled Wisdom.
    30 | D        | Found Oturex's Distillery.
    30 | D        | Found a burning altar of Makhleb.
    30 | D        | Found a glowing golden altar of the Shining One.
    30 | D        | Found Venyuqor's Distillery.
    34 | D        | Found a stormy altar of Qazlal.
    35 | D        | Found a basalt altar of Yredelemnul.
    36 | D        | Found a shimmering blue altar of Sif Muna.
    37 | D        | Found Rain's Staff Store.
    38 | D        | Found Zuokk's Magic Scroll Shop.
    38 | D        | Found Ekkargh's Must-Have Magic.
    38 | D        | Found Vyxer's Magic Scroll Shop.
    47 | D        | Noticed Sigmund
    60 | D        | Killed Sigmund
    61 | D        | Reached skill level 8 in Polearms
    61 | D        | Reached XP level 4. HP: 39/50 MP: 4/4
    61 | D        | Reached XP level 5. HP: 44/57 MP: 5/5
   116 | D        | Arena points: 5 (+5) [x1]
   131 | D        | Round 2.
   152 | D        | Bought a slimy marble ring for 45 gold pieces
   152 | D        | Identified the ring of Caepink {Drain rElec rPois Int+6
                  | SInv} (You bought it in a shop in the Dungeon)
   152 | D        | Bought a scorched glass ring for 45 gold pieces
   152 | D        | Identified the ring of the Prince of Darkness {rF++ rC+++
                  | Will- AC+4 Slay+3} (You bought it in a shop in the Dungeon)
   152 | D        | Bought a bound pewter amulet for 45 gold pieces
   152 | D        | Identified the amulet "Ceol Zua" {Acrobat *Slow +Blink
                  | Regen+ Dex+6} (You bought it in a shop in the Dungeon)
   199 | D        | Reached *** piety under Trog
   200 | D        | Reached skill level 9 in Polearms
   200 | D        | Reached XP level 6. HP: 55/66 MP: 6/6
   238 | D        | Arena points: 29 (+24) [x2]
   289 | D        | Round 3.
   313 | D        | Noticed a sky beast
   314 | D        | Noticed a steam dragon
   329 | D        | Killed a sky beast
   330 | D        | Reached skill level 10 in Fighting
   330 | D        | Reached skill level 10 in Polearms
   330 | D        | Killed a steam dragon
   330 | D        | Reached **** piety under Trog
   331 | D        | Reached skill level 11 in Polearms
   331 | D        | Reached skill level 5 in Armour
   331 | D        | Reached XP level 7. HP: 72/74 MP: 7/7
   353 | D        | Noticed a steam dragon
   366 | D        | Killed a steam dragon
   379 | D        | Reached skill level 12 in Polearms
   379 | D        | Reached skill level 5 in Dodging
   414 | D        | Reached skill level 1 in Stealth
   430 | D        | Reached ***** piety under Trog
   430 | D        | Arena points: 92 (+63) [x3]
   474 | D        | Round 4.
   496 | D        | Noticed a kobold demonologist
   497 | D        | Noticed Sonja
   500 | D        | Noticed a soul eater
   500 | D        | Killed a kobold demonologist
   501 | D        | Reached skill level 13 in Polearms
   501 | D        | Reached XP level 8. HP: 84/84 MP: 8/8
   509 | D        | Killed Sonja
   510 | D        | Reached skill level 14 in Polearms
   514 | D        | Noticed a kobold demonologist
   528 | D        | Killed a kobold demonologist
   529 | D        | Reached skill level 15 in Polearms
   529 | D        | Reached XP level 9. HP: 51/93 MP: 9/9
   548 | D        | Received a gift from Trog
   548 | D        | Found the +5 scythe "Finisher" {speed, eviscerate}
   555 | D        | Noticed a kobold demonologist
   562 | D        | Killed a kobold demonologist
   562 | D        | Arena points: 204 (+112) [x4]
   574 | D        | Bought a pair of faintly glowing gloves for 332 gold pieces
   574 | D        | Identified the +2 pair of gloves of Elyvilon's Delight
                  | {rPois rC+ Str+2 Int+5} (You bought it in a shop in the
                  | Dungeon)
   586 | D        | Round 5.
   603 | D        | Noticed a naga mage
   610 | D        | Killed a naga mage
   611 | D        | Reached skill level 16 in Polearms
   621 | D        | Noticed a black mamba
   627 | D        | Killed a black mamba
   628 | D        | Reached skill level 17 in Polearms
   634 | D        | Noticed a giant anaconda
   643 | D        | Killed a giant anaconda
   643 | D        | Arena points: 444 (+240) [x6]
   644 | D        | Reached skill level 1 in Evocations
   644 | D        | Reached XP level 10. HP: 99/103 MP: 10/10
   644 | D        | Got a serpentine rune of Zot
   808 | D        | Round 6.
   810 | D        | Noticed an orc knight
   819 | D        | Killed an orc knight
   820 | D        | Reached skill level 18 in Polearms
   826 | D        | Noticed an orc knight
   836 | D        | Killed an orc knight
   836 | D        | Reached ****** piety under Trog
   876 | D        | Noticed an orc knight
   881 | D        | Killed an orc knight
   893 | D        | Noticed an orc high priest
   900 | D        | Killed an orc high priest
   901 | D        | Reached skill level 5 in Axes
   901 | D        | Reached skill level 19 in Polearms
   905 | D        | Received a gift from Trog
   907 | D        | Arena points: 780 (+336) [x7]
   908 | D        | Reached skill level 15 in Fighting
   926 | D        | Bought an ancient helmet for 332 gold pieces
   926 | D        | Identified the +0 helmet of Fum Oveh {rPois Int+2 Slay-3}
                  | (You bought it in a shop in the Dungeon)
   963 | D        | Round 7.
  1055 | D        | Reached XP level 11. HP: 58/112 MP: 11/11
  1058 | D        | Received a gift from Trog
  1058 | D        | Found the +8 mithril axe "Arga" {speed, Will+}
  1065 | D        | Reached skill level 20 in Polearms
  1094 | D        | Arena points: 836 (+56) [x1]
  1109 | D        | Round 8.
  1229 | D        | Received a gift from Trog
  1229 | D        | Arena points: 980 (+144) [x2]
  1242 | D        | Bought a pitted tower shield for 332 gold pieces
  1242 | D        | Identified the -9 tower shield "Cuimaduq" {MP+9 Dex+2} (You
                  | bought it in a shop in the Dungeon)
  1299 | D        | Round 9.
  1427 | D        | Received a gift from Trog
  1431 | D        | Arena points: 1277 (+297) [x3]
  1432 | D        | Reached skill level 10 in Axes
  1449 | D        | Bought a jewelled kite shield for 332 gold pieces
  1449 | D        | Identified the +1 kite shield of the Jolly Wishes {+Inv}
                  | (You bought it in a shop in the Dungeon)
  1476 | D        | Round 10.
  1486 | D        | Noticed Arachne
  1502 | D        | Mangled by Arachne

Illustrated notes

Levels and vault maps discovered:
D:        arena_sprint

Skill      XL: |  1  2  3  4  5  6  7  8  9 10 11 |
---------------+----------------------------------+-----
Fighting       | 5 9 11 12 13 14 15 16 | 16.0
Polearms       | 5 8 9 11 13 15 17 19 20 | 20.5
Armour         | 3 4 5 6 7 |  7.3
Dodging        | 2 3 4 5 6 7 8 |  8.8
Stealth        | 1 2 3 4 |  4.0
Evocations     | 1 |  1.2
Axes           | 6 10 | 10.5
Shields        | |  0.4

Action                   |  1- 3 |  4- 6 |  7- 9 | 10-12 || total
-------------------------+-------+-------+-------+-------++-------
Melee: Spear             |    17 |       |       |       ||    17
       Scythe            |       |    19 |    59 |    58 ||   136
       Broad axe         |       |       |       |    45 ||    45
Invok: Berserk           |     1 |       |       |     1 ||     2
       Brothers in Arms  |       |       |       |     1 ||     1
Evoke: Wand              |       |       |     1 |       ||     1
Armor: Skin              |       |     1 |       |       ||     1
       Leather armour    |       |    10 |     6 |       ||    16
       Steam dragon scal |       |       |    10 |    18 ||    28
Dodge: Dodged            |     6 |    12 |    36 |    70 ||   124
Block: Tower shield      |       |       |       |     2 ||     2
       Kite shield       |       |       |       |     1 ||     1
